 Dungeon Crawl Stone Soup version 0.31.0-11-ge490571c62 (webtiles) character file.

Game seed: 8826445908467332271

88 booth the Chopper (level 4, -2/41 HPs)
             Began as a Hill Orc Monk on Feb 4, 2024.
             Succumbed to a crimson imp's poison
             ... on level 3 of the Dungeon.
             The game lasted 00:09:02 (1962 turns).

booth the Chopper (Hill Orc Monk)                   Turns: 1962, Time: 00:09:03

Health: -2/41      AC:  6    Str: 15    XL:     4   Next: 53%
Magic:  1/4        EV: 10    Int: 10    God:
Gold:   131        SH:  0    Dex: 13    Spells: 3/3 levels left

rFire   . . .        a - +2 hand axe
rCold   . . .        d - orb {light}
rNeg    . . .        m - +0 scale mail
rPois   .            n - +0 hat
rElec   .            (no cloak)
rCorr   .            (no gloves)
SInv    .            (no boots)
Will    .....        h - amulet of guardian spirit Stlth
                     (no ring)
HPRegen 0.26/turn    (no ring)
MPRegen 0.09/turn

%: guardian spirit
@: lethally poisoned (-2 -> -13), glowing
A: no striking features
a: no special abilities


You were on level 3 of the Dungeon.
You visited 1 branch of the dungeon, and saw 3 of its levels.

You collected 131 gold pieces.

Inventory:

Hand Weapons
 a - a +2 hand axe (weapon)
 p - a +0 flail
Missiles
 l - 8 poisoned darts (quivered)
Armour
 d - an orb of light (worn)
 g - a +0 chain mail
 m - a +0 scale mail (worn)
 n - a +0 hat (worn)
Jewellery
 h - an amulet of guardian spirit (around neck)
 o - a ring of protection from cold
Wands
 i - a wand of iceblast (10)
Scrolls
 j - a scroll of teleportation
 q - a scroll of poison {unknown}
Potions
 b - a potion of heal wounds
 c - a potion of ambrosia
 f - a potion of mutation {unknown}
 k - a potion of attraction


   Skills:
 + Level 4.5 Fighting
 * Level 5.9 Axes
 + Level 1.0 Armour
 - Level 2.4 Dodging


You had 3 spell levels left.
You didn't know any spells.
Your spell library contained the following spells:

 Spells                   Type           Power      Damage    Failure   Level
 Freeze                   Ice            0%         1d3       83%         1
 Frozen Ramparts          Ice            0%         1d1       99%         3
 Hailstorm                Conj/Ice       0%         3d5       99%         3


Dungeon Overview and Level Annotations

Branches:
Dungeon (3/15)

Altars:
Ashenzari
The Shining One


Message History

The poisoned dart barely misses the crimson imp.
You feel sick.
Throw: 10 darts (poison)
Press: ? - help, Q - select action, (/) - cycle Shift-Dir - straight line, f/p - crimson imp
Aim: a crimson imp, wielding a +1 short sword of venom (moderately wounded, haloed, 60% to hit)
You throw a poisoned dart.
The poisoned dart barely misses the crimson imp.
You feel sick.
Throw: 9 darts (poison)
Press: ? - help, Q - select action, (/) - cycle Shift-Dir - straight line, f/p - crimson imp
Aim: a crimson imp, wielding a +1 short sword of venom (moderately wounded, haloed, 60% to hit)
You throw a poisoned dart. The poisoned dart hits the crimson imp.
The crimson imp is moderately wounded.
You feel sick.
You closely miss the crimson imp.
The crimson imp is moderately wounded.
You feel sick.
The crimson imp hits you with a +1 short sword of venom.
You are more poisoned.
You hit the crimson imp.
The crimson imp is heavily wounded.
You feel sick.
The crimson imp hits you with a +1 short sword of venom.
You are more poisoned.
You hit the crimson imp but do no damage.
The crimson imp is moderately wounded.
You feel very sick.
The crimson imp hits you with a +1 short sword of venom.
* * * LOW HITPOINT WARNING * * *
You are more poisoned.
You slash the crimson imp!
The crimson imp is almost dead.
* * * LOW HITPOINT WARNING * * *
You feel very sick.
The crimson imp blinks!
* * * LOW HITPOINT WARNING * * *
You feel very sick.
* * * LOW HITPOINT WARNING * * *
You feel very sick.
You die...

#...# # ###.# #
#.# ## #.# .. #.#
## #.# # #.# # #.#
######.#######
#@###.(5(.........
#....(#...........
#######...........
....... ###
...5.#' #. .Z.#...
## ..##... # ...
._ +. ...#


There were no monsters in sight!

Vanquished Creatures
  Ijyb (D:3)
  3 dart slugs (D:1)
  7 ball pythons
  3 bats
  3 endoplasms
  2 giant cockroaches
  6 hobgoblins
  4 jackals (D:1)
  2 kobolds (D:1)
  3 quokkas
  2 frilled lizards
  8 goblins
  A goblin skeleton (D:3)
  2 goblin zombies (D:3)
  2 hobgoblin zombies (D:3)
  An orc zombie (D:3)
  3 rats
53 creatures vanquished.

Notes
Turn   | Place    | Note
-------+----------+-------------------------------------------
     0 | D:1      | booth the Hill Orc Monk began the quest for the Orb.
     0 | D:1      | Reached XP level 1. HP: 19/19 MP: 1/1
   134 | D:1      | Reached XP level 2. HP: 15/27 MP: 2/2
   321 | D:1      | Reached skill level 5 in Axes
   411 | D:1      | Reached XP level 3. HP: 31/33 MP: 3/3
  1584 | D:3      | Noticed Ijyb
  1602 | D:3      | Killed Ijyb
  1603 | D:3      | Reached XP level 4. HP: 36/41 MP: 4/4
  1785 | D:3      | Reached skill level 1 in Armour
  1852 | D:3      | Found a broken altar of Ashenzari.
  1921 | D:3      | Found a glowing golden altar of the Shining One.
  1961 | D:3      | HP: 1/41 [poisoned by a crimson imp]
  1962 | D:3      | Succumbed to a crimson imp's poison

Illustrated notes

Levels and vault maps discovered:
D:1:      dpeg_cavernosity, layout_basic, minivault_11
D:2:      layout_rooms
D:3:      layout_loops_ring, nicolae_overflow_squiral,
          mainiacjoe_overflow_paths, nicolae_tso_besieged_by_evil, uniq_ijyb

Skill      XL: |  1  2  3  4 |
---------------+-------------+-----
Fighting       | 4 |  4.5
Axes           | 5 |  5.9
Armour         | 1 |  1.0
Dodging        | |  2.4

Action                     |  1- 3 |  4- 6 || total
---------------------------+-------+-------++-------
  Melee: Hand axe          |   113 |    38 ||   151
  Throw: Dart              |     2 |     3 ||     5
    Use: Scroll            |     7 |     1 ||     8
         Potion            |       |     2 ||     2
 Armour: Robe              |    33 |       ||    33
         Scale mail        |    10 |    14 ||    24
  Dodge: Dodged            |    60 |    14 ||    74
